 Dungeon Crawl Stone Soup version 0.32-a0-22-g6ae6769602 (webtiles) character file.

Game seed: 1963973339818544022

161 MacCMillion the Chopper (level 5, 0/41 HPs)
             Began as a Formicid Fighter on Jan 18, 2024.
             Incinerated by a bombardier beetle (6 damage)
             ... with a burning spray
             ... on level 4 of the Dungeon.
             The game lasted 00:02:04 (2474 turns).

MacCMillion the Chopper (Formicid Fighter)          Turns: 2474, Time: 00:02:05

Health: 0/41       AC:  8    Str: 22    XL:     5   Next: 70%
Magic:  5/5        EV:  9    Int:  8    God:
Gold:   211        SH:  5    Dex: 13    Spells: 4/4 levels left

rFire   . . .        a - +0 war axe
rCold   . . .        c - +0 buckler
rNeg    . . .        b - +0 scale mail
rPois   +            (helmet unavailable)
rElec   .            (no cloak)
rCorr   .            (no gloves)
SInv    +            r - +0 pair of boots
Will    .....        (no amulet) Stlth
                     q - ring of poison resistance
HPRegen 0.26/turn    f - ring of flight
MPRegen 0.09/turn

%: no passive effects
@: on fire, flying, glowing
A: permanent stasis, dig shafts and tunnels, antennae 3, four strong arms
a: Dig, Shaft Self


You were on level 4 of the Dungeon.
You visited 1 branch of the dungeon, and saw 4 of its levels.

You collected 211 gold pieces.

Inventory:

Hand Weapons
 a - a +0 war axe (weapon)
Missiles
 n - 6 poisoned darts
Armour
 b - a +0 scale mail (worn)
 c - a +0 buckler (worn)
 r - a +0 pair of boots (worn)
Jewellery
 f - a ring of flight (right hand)
 q - a ring of poison resistance (left hand)
 t - a ring of resist corrosion
Scrolls
 e - 2 scrolls of revelation {unknown}
 g - a scroll of enchant weapon {unknown}
 h - a scroll of noise {unknown}
 k - a scroll of immolation {unknown}
 o - 3 scrolls of identify {unknown}
 p - 4 scrolls of teleportation {unknown}
 s - a scroll of fear {unknown}
 u - a scroll of blinking {unknown}
Potions
 d - a potion of might
 i - 3 potions of haste {unknown}
 j - 2 potions of brilliance {unknown}
 l - a potion of resistance {unknown}
 m - 2 potions of enlightenment {unknown}


   Skills:
 - Level 3.2 Fighting
 + Level 5.4 Axes
 - Level 3.2 Armour
 - Level 4.0 Shields


You had 4 spell levels left.
You didn't know any spells.
Your spell library contained the following spells:

 Spells                   Type           Power      Damage    Failure   Level
 Apportation              Tloc           0%         N/A       80%         1
 Magic Dart               Conj           0%         1d3       80%         1
 Necrotise                Necr           0%         1d4       80%         1
 Sting                    Conj/Alch      0%         1d3       80%         1
 Summon Small Mammal      Summ           0%         N/A       80%         1
 Searing Ray              Conj           0%         2d4       91%         2
 Fulminant Prism          Conj/Alch      0%         3d5       100%        4


Dungeon Overview and Level Annotations

Branches:
Dungeon (4/15)
 Temple: D:4-7

Altars:
Ru

Portals:
Abyss: D:3

Annotations:
D:3 2 transporters, chuckiee3's ghost, amateur MiFi


Innate Abilities, Weirdness & Mutations

You cannot be hasted, slowed, berserked, paralysed or teleported.
You can dig through walls and to a lower floor.
You have a pair of large antennae on your head. (SInv)
Your four strong arms can wield two-handed weapons with a shield.


Message History

A goblin is nearby!
A bombardier beetle comes into view.
You closely miss the goblin. The goblin hits you but does no damage.
You slash the goblin!
You kill the goblin!
The bombardier beetle sprays incendiary fluid at you.
The burning spray hits you.
You are covered in liquid fire!
You see here a +0 dagger.
You shake off some of the fire as you move.
The liquid fire burns you!
You shake off some of the fire as you move.
The liquid fire burns you!
The bombardier beetle sprays incendiary fluid at you.
The burning spray hits you.
You are even more covered in liquid fire!
You shake off some of the fire as you move.
The liquid fire burns you!
You barely miss the bombardier beetle. The liquid fire burns you!
The bombardier beetle barely misses you.
You hit the bombardier beetle but do no damage.
The liquid fire burns you! The bombardier beetle misses you.
You barely miss the bombardier beetle. The liquid fire burns you!
The bombardier beetle bites you but does no damage.
You slash the bombardier beetle!
The bombardier beetle is severely wounded.
The liquid fire burns you!
* * * LOW HITPOINT WARNING * * *
The bombardier beetle barely misses you.
You barely miss the bombardier beetle.
The bombardier beetle is severely wounded.
The liquid fire burns you!
* * * LOW HITPOINT WARNING * * *
You hit the bombardier beetle.
The bombardier beetle is almost dead.
The liquid fire burns you!
You die...

....... #.....#
#.....# #.....+ #
#.....# .# #.....# ..#
#.....#########...#
####.....#......@B...#
.........#...)..##...#
.........#......# ..#
.>.......#)####### .#
.................# #
.................+
....#####........#
....# #........# ....#
#.........


You could see a bombardier beetle.

Vanquished Creatures
  An orc priest (D:3)
  An iguana (D:2)
  An orc wizard (D:3)
  3 adders
  3 orcs (D:3)
  4 ball pythons
  4 bats
  8 endoplasms
  7 goblins
  3 hobgoblins
  2 jackals (D:1)
  6 kobolds
  6 frilled lizards
  2 rats
51 creatures vanquished.

Notes
Turn   | Place    | Note
-------+----------+-------------------------------------------
     0 | D:1      | MacCMillion the Formicid Fighter began the quest for the
                  | Orb.
     0 | D:1      | Reached XP level 1. HP: 18/18 MP: 1/1
   170 | D:1      | Reached XP level 2. HP: 20/24 MP: 2/2
   292 | D:1      | Reached skill level 3 in Axes
   832 | D:2      | Reached XP level 3. HP: 29/29 MP: 3/3
   855 | D:2      | Reached skill level 4 in Axes
   855 | D:2      | Reached XP level 4. HP: 12/35 MP: 4/4
  1260 | D:2      | Found a sacrificial altar of Ru.
  1736 | D:3      | Found a transporter.
  1743 | D:3      | Found a transporter.
  1774 | D:3      | Reached XP level 5. HP: 28/41 MP: 5/5
  1780 | D:3      | Reached skill level 5 in Axes
  2004 | D:3      | Noticed a small abomination
  2172 | D:3      | Found a faded altar of an unknown god.
  2304 | D:3      | Found a one-way gate to the infinite horrors of the Abyss.
  2304 | D:3      | Noticed chuckiee3's ghost (amateur MiFi)
  2474 | D:4      | Incinerated by a bombardier beetle

Illustrated notes

Levels and vault maps discovered:
D:1:      dpeg_arrival_connections, layout_rooms
D:2:      layout_loops_ring, basic_altar
D:3:      layout_basic, gammafunk_ghost_abyssal_escape, basic_ecumenical_altar
D:4:      layout_gridville, nicolae_overflow_crystal_walls, serial_shops, shop

Skill      XL: |  1  2  3  4  5 |
---------------+----------------+-----
Axes           | 3 4 5 |  5.4
Fighting       | |  3.2
Armour         | |  3.2
Shields        | |  4.0

Action                     |  1- 3 |  4- 6 || total
---------------------------+-------+-------++-------
  Melee: War axe           |    56 |    91 ||   147
Ability: Dig               |     1 |       ||     1
 Armour: Scale mail        |    35 |    61 ||    96
  Dodge: Dodged            |    26 |    44 ||    70
  Block: Buckler           |    20 |    25 ||    45

Table legend: (Time is in decaauts)
 A = Elapsed time spent in this place.
 B = Non-inter-level travel time spent in this place.
 C = Inter-level travel time spent in this place.
 D = Time resting spent in this place.
 E = Time spent auto-exploring this place.
 F = Levels seen in this place.
 G = Mean time per level.
                   A        B        C        D        E       F      G
               +--------+--------+--------+--------+--------+-----+--------+
         Total |   2520 |   2454 |     66 |    672 |   1369 |   4 |  630.0 |
       Dungeon |   2520 |   2454 |     66 |    672 |   1369 |   4 |  630.0 |
               +--------+--------+--------+--------+--------+-----+--------+

Top non-repeatable levels by time:
     D:2: 860 daAuts
     D:1: 825 daAuts
     D:3: 777 daAuts
     D:4: 56 daAuts
